 Dungeon Crawl Stone Soup version 0.27.1 (webtiles) character file.

Game seed: 16692307627741845850

910 ZARRMARR the Sneak (level 8, -2/54 HPs)
             Began as an Octopode Conjurer on Sept 4, 2021.
             Was an Initiate of Sif Muna.
             Slain by Duvessa (9 damage)
             ... on level 5 of the Dungeon.
             The game lasted 00:15:25 (5245 turns).

ZARRMARR the Sneak (Octopode Conjurer)              Turns: 5245, Time: 00:15:26

Health: -2/54      AC:  1    Str:  7    XL:     8   Next: 8%
Magic:  5/14       EV: 14    Int: 22    God:    Sif Muna [......]
Gold:   212        SH:  0    Dex: 10    Spells: 11/15 levels left

rFire    . . .     SeeInvis .   p - +0 short sword (speed)
rCold    + . .     Faith    .   (no shield)
rNeg     . . .     Spirit   .   (helmet restricted)
rPois    +         Reflect  .   c - amulet of the acrobat
rElec    .         Harm     .   b - ring of protection from cold
rCorr    +         Rampage  .   g - ring of resist corrosion
Will     +....                  l - ring of poison resistance
Stlth    ++++......             o - ring of willpower
HPRegen  0.18/turn              (no ring)
MPRegen  0.14/turn              (no ring)
                                (no ring)
                                (no ring)

@: very slightly contaminated
A: almost no armour, amphibious, 8 rings, camouflage 1, gelatinous body 1,
(nimble swimmer 1), tentacles
a: Renounce Religion


You were on level 5 of the Dungeon.
You worshipped Sif Muna.
Sif Muna was noncommittal.
You visited 1 branch of the dungeon, and saw 5 of its levels.

You collected 212 gold pieces.

Inventory:

Hand Weapons
 p - a +0 short sword of speed (weapon)
Missiles
 a - 11 boomerangs
 f - 7 javelins (quivered)
Jewellery
 b - a ring of protection from cold (left tentacle)
 c - an amulet of the acrobat (around mantle)
 g - a ring of resist corrosion (right tentacle)
 l - a ring of poison resistance (on tentacle)
 o - a ring of willpower (on tentacle)
Wands
 q - a wand of digging (3)
Scrolls
 d - 2 scrolls of immolation
 e - a scroll of fog
 h - 2 scrolls of teleportation {unknown}
 m - a scroll of amnesia {unknown}
 r - a scroll of holy word {unknown}
 s - a scroll of fear {unknown}
 u - a scroll of enchant weapon {unknown}
Potions
 i - 2 potions of haste {unknown}
 j - a potion of resistance {unknown}
 k - a potion of ambrosia {unknown}
 n - a potion of invisibility {unknown}
 t - a potion of curing {unknown}
 v - a potion of might {unknown}


   Skills:
 + Level 3.6 Fighting
 + Level 4.3 Dodging
 + Level 6.2 Stealth
 + Level 4.1 Spellcasting
 + Level 5.6 Conjurations
 + Level 0.5 Invocations


You had 11 spell levels left.
You knew the following spells:

 Your Spells              Type           Power      Damage    Failure   Level
a - Magic Dart            Conj           100%       1d8       1%          1
b - Searing Ray           Conj           58%        3d5       1%          2
c - Foxfire               Conj/Fire      64%        2x1d7     3%          1

Your spell library contained the following spells:

 Spells                   Type           Power      Damage    Failure   Level
 Dazzling Flash           Conj/Hex       32%        N/A       11%         3
 Sublimation of Blood     Necr           2%         N/A       17%         2
 Wereblood                Tmut           4%         N/A       17%         2
 Summon Guardian Golem    Hex/Summ       4%         N/A       32%         3
 Fulminant Prism          Conj/Hex       8%         3d7       34%         4
 Iskenderun's Mystic Bla  Conj/Tloc      16%        2d5       34%         4
 Orb of Destruction       Conj           14%        9d7       100%        7
 Spellforged Servitor     Conj/Summ      8%         N/A       100%        7
 Summon Hydra             Summ           2%         N/A       100%        7


Dungeon Overview and Level Annotations

Branches:
Dungeon (5/15)
 Temple: D:4-7

Altars:
Gozag
Sif Muna
Wu Jian
Xom

Shops:
D:1 [

Annotations:
D:4 2 transporters
D:5 Duvessa


Innate Abilities, Weirdness & Mutations

You cannot wear most types of armour.
You are amphibious.
You can wear up to eight rings at the same time.
Your skin changes colour to match your surroundings (Stealth+).
Your rubbery body absorbs attacks. (AC +1, EV +1)
((You are camouflaged near water. (Stealth+)))
You have tentacles for arms and can constrict up to eight enemies at once.


Message History

You miscast Searing Ray.
You are very lightly contaminated with residual magic.
Nothing appears to happen.
Casting: Searing Ray (safe; 1% risk of failure)
Confirm with . or Enter, or press ? or * to list all spells.
Aiming: Searing Ray (safe; 1% risk of failure)
Press: ? - help, Shift-Dir - straight line, f/p - Duvessa
Aim: Duvessa, wielding a +4 short sword of holy wrath and wearing a +0 ring mail (berserk, 85% to hit)
The searing ray hits Duvessa!
Duvessa is lightly wounded. (Press . to maintain the ray.) Duvessa misses you.
Duvessa hits you with a +4 short sword of holy wrath!
The searing ray hits Duvessa!
Duvessa is moderately wounded.
Duvessa misses you.
The searing ray hits Duvessa.
Duvessa is heavily wounded.
Duvessa completely misses you.
Duvessa hits you with a +4 short sword of holy wrath!
The searing ray hits Duvessa.
Duvessa is heavily wounded.
You finish channeling your searing ray.
Duvessa hits you with a +4 short sword of holy wrath!
Unknown command.
Casting: Searing Ray (safe; 1% risk of failure)
Confirm with . or Enter, or press ? or * to list all spells.
You don't know that spell.
Casting: Searing Ray (safe; 1% risk of failure)
Confirm with . or Enter, or press ? or * to list all spells.
Aiming: Searing Ray (safe; 1% risk of failure)
Press: ? - help, Shift-Dir - straight line, f/p - Duvessa
Aim: Duvessa, wielding a +4 short sword of holy wrath and wearing a +0 ring mail (heavily wounded, berserk, 85% to hit)
The searing ray hits Duvessa.
Duvessa is severely wounded. (Press . to maintain the ray.) Duvessa hits you with a +4 short sword of holy wrath!
* * * LOW HITPOINT WARNING * * *
Duvessa hits you with a +4 short sword of holy wrath!
You die...

#) #.# ###
#. #.# #<#
#. #.# #.#
.. #.# #.#
##
#.########.#
#.#........#
#.#.#####..#
#e#.#####..#
#.@........#
###.######.#
#.######.###
#..........#
#.######.###
#.# #.# ###
###


You could see Duvessa (berserk).

Vanquished Creatures
  Sigmund (D:3)
  Eustachio (D:4)
  A black bear (D:4)
  A phantom (D:4)
  A scorpion (D:4)
  Dowan (D:5)
  2 orc priests
  Crazy Yiuf (D:3)
  A centaur skeleton (D:4)
  3 orc wizards (D:3)
  An iguana (D:5)
  A hound skeleton (D:4)
  3 adders
  10 orcs
  5 endoplasms
  2 giant cockroaches
  5 goblins
  3 hobgoblins
  2 jackals (D:2)
  10 kobolds
  2 quokkas
  3 ball pythons
  3 bats
  14 frilled lizards
  5 rats
82 creatures vanquished.

Vanquished Creatures (others)
  3 fungi (D:3)
  6 plants (D:3)
9 creatures vanquished.

Grand Total: 91 creatures vanquished

Notes
Turn   | Place    | Note
-------+----------+-------------------------------------------
     0 | D:1      | ZARRMARR the Octopode Conjurer began the quest for the Orb.
     0 | D:1      | Reached XP level 1. HP: 11/11 MP: 3/3
   103 | D:1      | Found Awafudit's Armour Boutique.
   862 | D:1      | Reached XP level 2. HP: 18/18 MP: 1/5
  1024 | D:2      | Reached skill level 3 in Stealth
  1392 | D:2      | Reached XP level 3. HP: 8/22 MP: 1/6
  1397 | D:2      | Reached skill level 1 in Fighting
  1400 | D:2      | Reached XP level 4. HP: 17/28 MP: 1/7
  2102 | D:3      | Found a faded altar of an unknown god.
  2110 | D:3      | Got Plato's Incunabulum of Confrontation
  2144 | D:3      | Reached XP level 5. HP: 11/34 MP: 6/9
  2385 | D:3      | Reached skill level 4 in Stealth
  2528 | D:3      | Found a shimmering blue altar of Sif Muna.
  2547 | D:3      | Became a worshipper of Sif Muna the Loreminder
  2785 | D:3      | Learned a level 2 spell: Searing Ray
  2848 | D:3      | Found an ornate altar of the Wu Jian Council.
  2932 | D:3      | Noticed Sigmund
  2936 | D:3      | Killed Sigmund
  2937 | D:3      | Reached skill level 5 in Conjurations
  2937 | D:3      | Reached XP level 6. HP: 41/41 MP: 4/10
  2943 | D:3      | Learned a level 1 spell: Foxfire
  2964 | D:3      | Reached skill level 5 in Stealth
  3403 | D:3      | Found a runed translucent door.
  3404 | D:3      | Noticed Crazy Yiuf
  3411 | D:3      | Killed Crazy Yiuf
  3600 | D:4      | Found a transporter.
  3608 | D:4      | Found a transporter.
  3617 | D:4      | Found a shimmering altar of Xom.
  3665 | D:4      | Found an opulent altar of Gozag.
  3779 | D:4      | Reached XP level 7. HP: 45/45 MP: 4/12
  4188 | D:4      | Noticed Eustachio
  4195 | D:4      | Killed Eustachio
  4667 | D:4      | Reached skill level 6 in Stealth
  5112 | D:5      | Entered Level 5 of the Dungeon
  5115 | D:5      | Reached XP level 8. HP: 53/53 MP: 10/14
  5190 | D:5      | Noticed Dowan
  5194 | D:5      | Killed Dowan
  5237 | D:5      | Noticed Duvessa
  5245 | D:5      | Slain by Duvessa

Illustrated notes

Levels and vault maps discovered:
D:1:      dpeg_arrival_line_fractal, layout_basic, serial_shops, shop
D:2:      layout_rooms
D:3:      layout_basic, mainiacjoe_overflow_concentric_impassable,
          kennysheep_orc_sif_temple, shapermc_ecumenical_altar_rom_forum,
          chequers_serial_rivers_micro_d, minmay_lizard_king, uniq_sigmund,
          uniq_crazy_yiuf_cottage
D:4:      layout_layer_cave, gammafunk_temple_overflow_arena,
          kennysheep_generic_room_15, uniq_eustachio
D:5:      layout_basic, uniq_duvessa, uniq_menkaure, uniq_blork_the_orc

Skill      XL: |  1  2  3  4  5  6  7 |
---------------+----------------------+-----
Stealth        | 3 4 5 6 |  6.2
Fighting       | 1 2 3 |  3.6
Dodging        | 3 4 |  4.3
Spellcasting   | 3 4 |  4.1
Conjurations   | 5 |  5.6
Invocations    | |  0.5

Action                   |  1- 3 |  4- 6 |  7- 9 || total
-------------------------+-------+-------+-------++-------
Melee: Dagger            |    14 |       |       ||    14
       Constrict         |     6 |    11 |       ||    17
       Tentacles         |     6 |     9 |       ||    15
       Short sword       |     9 |    46 |       ||    55
Throw: Javelin           |     1 |     4 |       ||     5
 Cast: Magic Dart        |    30 |    53 |     9 ||    92
       Searing Ray       |       |    10 |    16 ||    26
  Use: Potion            |     1 |       |       ||     1
       Scroll            |       |     2 |       ||     2
Dodge: Dodged            |     9 |    11 |    14 ||    34
